Cogmind - Beta 15 @@@ ROGUE MODE // 2025.07.09 @ 01:47:02 Player: jumpy Result: Destroyed by S-27 Virus with Autogun Performance ------------- Evolutions (4) 2000 Regions Visited (11) 2200 Robots Destroyed (70) 350 Value Destroyed (3198) 3198 Prototype IDs (25) 500 Alien Tech Used (0) 0 Bonus (2250) 2250 TOTAL SCORE: 10498 Bonus ------- High Alert Combat Kills 226 Follower Combat Kills 124 Entered Garrisons 600 Used RIF Installer 1000 Aligned with FarCom 300 Cogmind --------- Core Integrity 0/850 Matter 298/300 Energy 98/100 System Corruption 0% Temperature Cool (17) Movement Core (50) Location -6/Garrison Parts ------- > --- POWER (1) -------- (None) > --- PROPULSION (4) --- (None) > --- UTILITY (7) ------ (None) > --- WEAPON (3) ------- (None) > --- INVENTORY (5) ---- Light Fission Core Carbon-fiber Leg Relay Coupler [NC] (23) Relay Coupler [Grunt] (25) Peak State ------------ > --- POWER ------------ Improved Deuterium Engine > --- PROPULSION ------- Armored Huge Wheel Armored Huge Wheel > --- UTILITY ---------- Improved Heat Sink Improved Heat Sink Large Storage Unit Advanced Visual Processing Unit Relay Coupler [Grunt] Trap Reconfigurator > --- WEAPON ----------- Heavy Plasma Cannon Heavy Plasma Cannon Makeshift Spear > --- INVENTORY -------- Light Nuclear Core Light Treads Light Treads Light Treads Advanced Treads Relay Coupler [NC] Relay Coupler [Grunt] Heavy Plasma Cannon Rocket Launcher [Rating: 58] Favorites ----------- Power Improved Deuterium Engine Engine Improved Deuterium Engine Power Core Light Nuclear Core Reactor Light Quantum Reactor Propulsion Light Treads Treads Light Treads Leg Flexi-carbon Leg Wheel Armored Huge Wheel Hover Unit Cooled Airjet Utility Hacking Suite Device Trap Reconfigurator Storage Large Storage Unit Processor Improved Terrain Scan Processor Hackware Hacking Suite Weapon Beam Cannon Energy Gun Small Laser Energy Cannon Beam Cannon Ballistic Gun Heavy Assault Rifle Ballistic Cannon Improved Light Cannon Launcher Rocket Launcher Slashing Weapon Segregator Piercing Weapon Makeshift Spear Build | -11 -10 -10 -10 -9 -8 -7 -7 -7 -7 -6 -6 ------- Run | Yrd Mat Min Exi Min Mat Fac Gar Fac Gar Fac Gar Slots Evolved 8 | . . . . . 4 2 . . . 2 . Power . | . . . . . . . . . . . . Propulsion 2 | . . . . . 2 . . . . . . Utility 5 | . . . . . 2 2 . . . 1 . Weapon 1 | . . . . . . . . . . 1 . Parts Attached 71 | 8 3 . . . 10 6 10 4 9 1 20 Power 11 | 1 . . . . 1 2 1 . 1 . 5 Engine 7 | 1 . . . . 1 1 . . 1 . 3 Core 3 | . . . . . . 1 . . . . 2 Reactor 1 | . . . . . . . 1 . . . . Propulsion 23 | 2 . . . . 3 . 4 2 3 . 9 Treads 16 | 2 . . . . 2 . 4 2 1 . 5 Leg 4 | . . . . . . . . . . . 4 Wheel 2 | . . . . . . . . . 2 . . Hover 1 | . . . . . 1 . . . . . . Flight . | . . . . . . . . . . . . Utility 16 | 3 1 . . . 3 2 1 2 2 1 1 Device 8 | 2 . . . . 1 . 1 1 2 . 1 Storage 3 | 1 1 . . . 1 . . . . . . Processor 2 | . . . . . . 1 . 1 . . . Hackware 3 | . . . . . 1 1 . . . 1 . Protection . | . . . . . . . . . . . . Artifact . | . . . . . . . . . . . . Weapon 21 | 2 2 . . . 3 2 4 . 3 . 5 Energy Gun 2 | 2 . . . . . . . . . . . Energy Cannon 10 | . 2 . . . . 2 3 . 1 . 2 Ballistic Gun 3 | . . . . . . . . . . . 3 Ballistic Cannon 3 | . . . . . 3 . . . . . . Launcher 1 | . . . . . . . 1 . . . . Special Weapon . | . . . . . . . . . . . . Impact Weapon . | . . . . . . . . . . . . Slashing Weapon 1 | . . . . . . . . . 1 . . Piercing Weapon 1 | . . . . . . . . . 1 . . Special Melee Weapon . | . . . . . . . . . . . . Unidentified Prototypes 1 | . . . . . 1 . . . . . . Parts Lost 40 | . . . . . . . 5 5 4 . 26 Power 3 | . . . . . . . . . . . 3 Propulsion 20 | . . . . . . . 4 3 3 . 10 Utility 9 | . . . . . . . 1 2 1 . 5 Weapon 8 | . . . . . . . . . . . 8 Highest Loss Streak 11 | . . . . . . . 2 4 4 . 11 To Critical Strikes . | . . . . . . . . . . . . Average Backups 9 | 4 7 8 9 10 9 12 12 12 9 9 4 Power 1 | . 1 1 1 1 1 2 2 1 . 1 1 Propulsion 3 | 1 2 3 3 3 1 5 5 4 1 4 . Utility 2 | . 2 3 3 4 3 1 1 1 2 2 2 Weapon 2 | . 1 1 2 2 2 3 4 5 3 2 . Tool/Special . | . . . . . . . . . . . . Unused Backups 17 | . 2 1 . 1 4 1 2 1 2 . 3 Power 1 | . . . . . 1 . . . . . . Propulsion 4 | . 1 . . . 2 . . . . . 1 Utility 5 | . . . . . 1 1 . 1 . . 2 Weapon 7 | . 1 1 . 1 . . 2 . 2 . . Tool/Special . | . . . . . . . . . . . . Average Slot Usage (%) 93 | . 100 100 100 100 99 99 97 98 74 78 67 Engine 8 | . 14 14 14 14 9 7 6 . 5 6 5 Treads 25 | . 28 28 28 28 35 30 29 29 7 . 13 Wheel 1 | . . . . . . . . . 11 13 . Device 14 | . 14 14 14 14 17 15 12 15 16 20 9 Storage 9 | . 14 14 14 14 9 7 7 7 7 6 4 Processor 3 | . . . . . . 7 7 6 7 6 6 Hackware 6 | . . . . . 8 14 15 14 1 4 4 Energy Cannon 15 | . 25 28 28 28 2 5 14 15 13 13 6 Ballistic Cannon 2 | . . . . . 15 9 . . . . . Peak Build Rating 58 | 9 8 8 9 9 31 40 50 50 54 58 58 Average Rating 28 | 6 7 8 8 9 28 38 42 49 48 57 33 On Entrance 26 | . 7 8 8 9 9 31 40 50 48 51 58 Naked Turns . | . . . . . . . . . . . . Heaviest Build 57 | 13 22 22 22 22 40 44 57 57 57 55 55 Greatest Support 84 | 40 40 40 40 40 80 80 80 82 84 56 80 Greatest Overweight (x) 8 | . . . . . . . . . . . 8 Average Overweight (x) . | . . . . . . . . . . . . Largest Inventory Capacity 15 | 8 10 10 10 10 15 15 15 15 15 15 15 Average Capacity 12 | 7 9 10 10 10 11 15 15 15 15 15 13 Most Carried 15 | 7 8 10 10 10 12 15 15 15 12 10 9 Average Carried 10 | 4 7 8 9 9 9 13 14 14 9 9 4 Final Capacity 15 | 8 10 10 10 10 15 15 15 15 15 15 5 Final Carried 15 | 7 8 9 10 10 12 15 15 13 11 9 4 Class Distribution -------------------- 50% | Mutant 28% | Scavenger-Mutant 11% | Scavenger-Skirmisher 6% | Hacker-Skirmisher 3% | Hacker-Mutant Dominant Class ---------------- Mutant | -10/Materials Mutant | -10/Mines Mutant | -10/Exiles Mutant | -9/Mines Scavenger-Mutant | -8/Materials Hacker-Skirmisher | -7/Factory Scavenger-Mutant | -7/Garrison Scavenger-Mutant | -7/Factory Mutant | -7/Garrison Mutant | -6/Factory Mutant | -6/Garrison Resources | -11 -10 -10 -10 -9 -8 -7 -7 -7 -7 -6 -6 ----------- Run | Yrd Mat Min Exi Min Mat Fac Gar Fac Gar Fac Gar Matter Collected 1335 | 280 30 . . . 183 . 241 114 177 . 310 Remotely . | . . . . . . . . . . . . Salvage Created 2467 | 182 331 . . . 164 . 575 295 429 . 491 Parts 126 | 22 27 . . . 11 . 23 3 20 . 20 Haulers Intercepted 1 | . 1 . . . . . . . . . . Recyclers Shooed . | . . . . . . . . . . . . Parts Field Recycled . | . . . . . . . . . . . . Retrieved Matter . | . . . . . . . . . . . . Parts Self-Destructed . | . . . . . . . . . . . . Prevented . | . . . . . . . . . . . . Kills | -11 -10 -10 -10 -9 -8 -7 -7 -7 -7 -6 -6 ------- Run | Yrd Mat Min Exi Min Mat Fac Gar Fac Gar Fac Gar Combat Hostiles Destroyed 54 | . 7 . . . 3 . 16 7 11 . 10 Melee 3 | . . . . . . . 1 . 2 . . Guns 3 | . 2 . . . . . . . . . 1 Cannons 28 | . 5 . . . 3 . 7 2 6 . 5 AOE 14 | . . . . . . . 5 3 3 . 3 Classes Destroyed 17 | 3 5 . . . 3 . 2 1 1 . 2 Worker 1 | 1 . . . . . . . . . . . Builder 1 | . . . . . 1 . . . . . . Tunneler 6 | 5 . . . . . . . 1 . . . Hauler 1 | . 1 . . . . . . . . . . Recycler 2 | 1 . . . . 1 . . . . . . Operator 2 | . 1 . . . 1 . . . . . . Watcher 3 | . 1 . . . . . 1 1 . . . Swarmer 15 | . 2 . . . . . 9 . 4 . . Saboteur 1 | . . . . . . . . . 1 . . Grunt 13 | . 5 . . . . . . 2 4 . 2 Brawler 4 | . . . . . . . 2 2 . . . Duelist 1 | . . . . . . . . 1 . . . Sentry 11 | . . . . . 2 . 2 1 2 . 4 Specialist 1 | . . . . . . . . . . . 1 Hunter 5 | . . . . . 1 . 2 . . . 2 Programmer 2 | . . . . . . . 1 1 . . . Behemoth 1 | . . . . . . . . . . . 1 Best Kill Streak 6 | 2 4 . . . 2 . 3 6 5 . 4 Combat Bots Only 5 | . 3 . . . 1 . 3 4 5 . 4 Max Kills in Single Turn 5 | 1 1 . . . 1 . 2 5 3 . 2 Gunslinging . | . . . . . . . . . . . . Exploded 3 | . . . . . . . 2 3 3 . 2 Melee 1 | . . . . . . . 1 . 1 . . Uniques/NPCs Destroyed . | . . . . . . . . . . . . Combat | -11 -10 -10 -10 -9 -8 -7 -7 -7 -7 -6 -6 -------- Run | Yrd Mat Min Exi Min Mat Fac Gar Fac Gar Fac Gar Hostile Shots Fired 688 | . 20 . . . 19 . 99 69 141 . 340 Missed 209 | . 5 . . . 5 . 26 28 49 . 96 Hits 479 | . 15 . . . 14 . 73 41 92 . 244 Melee 18 | . . . . . . . 7 8 3 . . Projectile 461 | . 15 . . . 14 . 66 33 89 . 244 Critical Strikes 9 | . 2 . . . 1 . 2 . 2 . 2 Damage Taken 6778 | . 171 . . . 235 . 1227 711 1083 . 3351 Core 1323 | . 45 . . . 35 . 91 66 230 . 856 Absorbed by Shields 54 | . . . . . . . 54 . . . . Core Remaining (%) 79 | 100 . . . 82 93 . . . 44 . . Volleys Fired 138 | 9 16 . . . 12 . 32 15 14 . 40 Largest 3 | 2 2 . . . 2 . 2 2 2 . 3 Hottest 180 | 80 120 . . . 66 . 180 180 180 . 180 Shots Fired 252 | 18 32 . . . 25 . 54 26 28 . 69 Gun 41 | 18 4 . . . . . . . . . 19 Cannon 199 | . 28 . . . 25 . 49 26 27 . 44 Launcher 12 | . . . . . . . 5 . 1 . 6 Special . | . . . . . . . . . . . . Kinetic 44 | . . . . . 25 . . . . . 19 Thermal 196 | 18 32 . . . . . 49 26 27 . 44 Explosive 12 | . . . . . . . 5 . 1 . 6 Electromagnetic . | . . . . . . . . . . . . Robot Hit Streak 15 | 7 9 . . . 7 . 7 11 6 . 15 Robot Miss Streak 6 | 1 2 . . . 2 . 6 4 2 . 3 Penetration Max . | . . . . . . . . . . . . Secondary Targets . | . . . . . . . . . . . . Shots Hit Robots 172 | 12 20 . . . 15 . 30 17 21 . 57 Core Hits 107 | 8 11 . . . 8 . 20 15 15 . 30 Critical Kills 5 | . . . . . . . 3 1 . . 1 Critical Parts Destroyed . | . . . . . . . . . . . . Critical Strikes 7 | . . . . . 1 . 3 1 . . 2 Meltdown 5 | . . . . . . . 3 1 . . 1 Blast 1 | . . . . . 1 . . . . . . Impale 1 | . . . . . . . . . . . 1 Melee Attacks 14 | . . . . . . . . . 8 . 6 Thermal 2 | . . . . . . . . . 2 . . Impact . | . . . . . . . . . . . . Slashing . | . . . . . . . . . . . . Piercing 12 | . . . . . . . . . 6 . 6 Sneak Attacks . | . . . . . . . . . . . . Combat Hostiles . | . . . . . . . . . . . . Follow-up Attacks . | . . . . . . . . . . . . Damage Inflicted 6483 | 130 337 . . . 340 13 1259 1588 860 . 1956 Guns 419 | 130 23 . . . . . . . . . 266 Cannons 3612 | . 314 . . . 297 . 782 606 549 . 1064 Explosions 2105 | . . . . . . . 408 968 233 . 496 Melee 208 | . . . . . . . . . 78 . 130 Ramming 139 | . . . . . 43 13 69 14 . . . Kinetic 563 | . . . . . 297 . . . . . 266 Thermal 4352 | 130 337 . . . . . 782 1490 549 . 1064 Explosive 1137 | . . . . . . . 408 . 233 . 496 Electromagnetic 84 | . . . . . . . . 84 . . . Impact . | . . . . . . . . . . . . Slashing . | . . . . . . . . . . . . Piercing 208 | . . . . . . . . . 78 . 130 Highest Corruption 10 | . . . . . 4 . 4 10 10 . . Average Corruption 5 | . . . . . 3 . 4 4 10 . . Corruption Purged . | . . . . . . . . . . . . Corruption Blocked . | . . . . . . . . . . . . Effects 68 | . . . . . 8 . 21 10 29 . . Message Errors 15 | . . . . . 4 . 3 1 7 . . Matter Fused 17 | . . . . . 1 . 7 4 5 . . Heat Flow Errors 9 | . . . . . . . 3 2 4 . . Energy Discharges 13 | . . . . . 2 . 4 1 6 . . Parts Rejected 1 | . . . . . . . . . 1 . . Parts Fused 1 | . . . . . . . . . 1 . . Data Loss (minor) 6 | . . . . . . . 4 1 1 . . Data Loss (major) 2 | . . . . . . . . . 2 . . Misfires 2 | . . . . . 1 . . . 1 . . Misdirections 1 | . . . . . . . . . 1 . . Weapon Failures 1 | . . . . . . . . 1 . . . Overload Shots . | . . . . . . . . . . . . Overflow Damage 240 | . . . . . . . 40 177 18 . 5 Projectiles . | . . . . . . . . . . . . Explosions 238 | . . . . . . . 40 177 16 . 5 Melee 2 | . . . . . . . . . 2 . . Knockbacks 3 | . . . . . 1 . 2 . . . . Impact 2 | . . . . . . . 2 . . . . Kinetic 1 | . . . . . 1 . . . . . . Secondary . | . . . . . . . . . . . . Self-Inflicted Damage 476 | . . . . . . . 226 144 35 . 71 Shots 12 | . . . . . . . 5 3 1 . 3 Rammed 19 | . . . . . 4 1 10 4 . . . Targets Rammed 21 | . . . . . 5 1 11 4 . . . Kicked . | . . . . . . . . . . . . Crushed 2 | . . . . . 1 . 1 . . . . Highest Temperature 474 | 54 333 . . . 379 . 345 393 474 . 178 Average Temperature 98 | 18 96 . . . 124 . 85 170 130 . 50 Received Heat Transfer 1050 | . 81 . . . 81 . 30 36 213 . 609 Effects 9 | . . . . . 4 . . . 5 . . Shutdowns 1 | . . . . . . . . . 1 . . Energy Bleed 1 | . . . . . . . . . 1 . . Interference 6 | . . . . . 3 . . . 3 . . Damage (minor) 1 | . . . . . 1 . . . . . . Siege Activations . | . . . . . . . . . . . . Martial Activations . | . . . . . . . . . . . . Shielding Activations . | . . . . . . . . . . . . Robots Disrupted . | . . . . . . . . . . . . Combat Hostiles . | . . . . . . . . . . . . Robots Corrupted . | . . . . . . . . . . . . Combat Hostiles . | . . . . . . . . . . . . Parts Fried . | . . . . . . . . . . . . Impact Corruptions 1 | . . . . . . . 1 . . . . Robots Melted 6 | . . . . . . . 3 2 . . 1 Combat Hostiles 6 | . . . . . . . 3 2 . . 1 Parts Melted 24 | . . . . . . . 8 5 1 . 10 Heat Transferred 6152 | 300 716 . . . . . 1136 1500 850 . 1650 Parts Sabotaged 7 | . . . . . . . . . 7 . . Parts Stolen . | . . . . . . . . . . . . Parts Stripped . | . . . . . . . . . . . . Power Chain Reactions . | . . . . . . . . . . . . Alert | -11 -10 -10 -10 -9 -8 -7 -7 -7 -7 -6 -6 ------- Run | Yrd Mat Min Exi Min Mat Fac Gar Fac Gar Fac Gar Maximum Alert Level 3 | . . . . . . . 3 3 3 2 2 Low Security (%) 55 | 100 100 100 . 100 100 100 21 25 . . . Level 1 28 | . . . . . . . 57 67 . 46 99 Level 2 9 | . . . . . . . 11 . 65 53 . Level 3 5 | . . . . . . . 9 7 34 . . Level 4 . | . . . . . . . . . . . . Level 5 . | . . . . . . . . . . . . High Security . | . . . . . . . . . . . . Max Security . | . . . . . . . . . . . . Peak Influence 791 | 10 88 . . . 94 28 734 783 791 415 403 Initial 542 | . . . . . . 28 7 385 542 415 269 Average 204 | 1 21 . . . 14 5 335 301 667 400 329 Influence Increases 2614 | 35 242 . . . 266 32 784 702 289 . 264 Destroy 0b10 Robot/C 1200 | . 140 . . . 160 20 320 140 220 . 200 Destroy 0b10 Robot/NC 85 | 35 15 . . . 20 . 5 10 . . . Destroy Leader 178 | . 34 . . . 52 . 30 42 . . 20 Allied During Kill 29 | . . . . . 27 2 . . . . . Trap Triggered on 0b10 40 | . . . . . . . 30 . 10 . . Successful Hack 54 | . 22 . . . 6 10 12 4 . . . Disable Machine 450 | . . . . . . . 15 435 . . . Anti-Garrison Action 200 | . . . . . . . 200 . . . . Destroy Structure 243 | . 1 . . . 1 . 112 71 14 . 44 Lose Combat Pursuer 135 | . 30 . . . . . 60 . 45 . . Influence Decreases 2341 | 35 242 . . . 202 86 60 661 273 406 376 Entered New Map 1113 | . . . . . . 36 3 349 233 376 116 Time Decay 821 | 35 242 . . . 202 50 . 262 . 30 . Lost Part 400 | . . . . . . . 50 50 40 . 260 Lost Ally 7 | . . . . . . . 7 . . . . Squads Dispatched 4 | . 1 . . . . . . 3 . . . Investigation . | . . . . . . . . . . . . Extermination 1 | . . . . . . . . 1 . . . Reinforcement 1 | . 1 . . . . . . . . . . Assault . | . . . . . . . . . . . . Garrison 2 | . . . . . . . . 2 . . . Intercept . | . . . . . . . . . . . . Searches Triggered . | . . . . . . . . . . . . Construction Impeded . | . . . . . . . . . . . . Haulers Reinforced . | . . . . . . . . . . . . Active Scanning Responses . | . . . . . . . . . . . . Cargo Convoy Interrupts . | . . . . . . . . . . . . Stealth | -11 -10 -10 -10 -9 -8 -7 -7 -7 -7 -6 -6 --------- Run | Yrd Mat Min Exi Min Mat Fac Gar Fac Gar Fac Gar Distress Signals 1 | . . . . . 1 . . . . . . Communications Jammed . | . . . . . . . . . . . . Distress Signals . | . . . . . . . . . . . . Times Spotted 93 | . 14 . . . 9 1 19 7 25 . 18 Peak Tracking Total 9 | . 4 . . . 3 1 5 3 9 . 8 Tactical Retreats 5 | . 1 . . . . . 2 . 2 . . Traps | -11 -10 -10 -10 -9 -8 -7 -7 -7 -7 -6 -6 ------- Run | Yrd Mat Min Exi Min Mat Fac Gar Fac Gar Fac Gar Traps Triggered 8 | . . . . . 3 . . . 5 . . Indirectly . | . . . . . . . . . . . . Trap Hack Attempts . | . . . . . . . . . . . . Triggered . | . . . . . . . . . . . . Disarmed . | . . . . . . . . . . . . Reprogrammed . | . . . . . . . . . . . . Reused 4 | . . . . . . . 3 . 1 . . Traps Reconfigurated 33 | . . . . . 3 . 19 3 7 . 1 Traps Extracted . | . . . . . . . . . . . . Installed . | . . . . . . . . . . . . Triggered 4 | . . . . . . . 3 . 1 . . Machines | -11 -10 -10 -10 -9 -8 -7 -7 -7 -7 -6 -6 ---------- Run | Yrd Mat Min Exi Min Mat Fac Gar Fac Gar Fac Gar Machines Disabled 33 | . . . . . . . 4 29 . . . Max in Single Turn 28 | . . . . . . . 2 28 . . . Garrison Relay 2 | . . . . . . . 1 . 1 . . Phase Generator 1 | . . . . . . . 1 . . . . Machines Repaired . | . . . . . . . . . . . . Machines Dismantled . | . . . . . . . . . . . . Machines Sabotaged . | . . . . . . . . . . . . Overloaded Fab Kills . | . . . . . . . . . . . . Hacking | -11 -10 -10 -10 -9 -8 -7 -7 -7 -7 -6 -6 --------- Run | Yrd Mat Min Exi Min Mat Fac Gar Fac Gar Fac Gar Machines Accessed 16 | . 5 . 1 . 4 1 2 2 . 1 . Terminals 11 | . 5 . . . 4 . 2 . . . . Fabricators 1 | . . . . . . . . 1 . . . Repair Stations . | . . . . . . . . . . . . Recycling Units . | . . . . . . . . . . . . Scanalyzers . | . . . . . . . . . . . . Garrison Access 3 | . . . . . . 1 . 1 . 1 . Total Hacks 26 | . 7 . 1 . 6 4 5 2 . 1 . Successful 19 | . 7 . 1 . 5 1 2 2 . 1 . Failed 7 | . . . . . 1 3 3 . . . . Catastrophic . | . . . . . . . . . . . . Database Lockouts . | . . . . . . . . . . . . Manual 13 | . 6 . 1 . 6 . . . . . . Terminals 18 | . 7 . . . 6 . 5 . . . . Fabricators 1 | . . . . . . . . 1 . . . Repair Stations . | . . . . . . . . . . . . Recycling Units . | . . . . . . . . . . . . Scanalyzers . | . . . . . . . . . . . . Garrison Access 6 | . . . . . . 4 . 1 . 1 . Terminal Hacks 4 | . 1 . 1 . . . 2 . . . . Robot Analysis 1 | . 1 . . . . . . . . . . Patrol Navigation 1 | . . . . . . . 1 . . . . Security Stations 1 | . . . . . . . 1 . . . . Proto ID Catalog 1 | . . . 1 . . . . . . . . Fabricator Hacks 1 | . . . . . . . . 1 . . . Build 1 | . . . . . . . . 1 . . . Repair Station Hacks . | . . . . . . . . . . . . Recycling Unit Hacks . | . . . . . . . . . . . . Scanalyzer . | . . . . . . . . . . . . Garrison Access Hacks 3 | . . . . . . 1 . 1 . 1 . Unlock Access 3 | . . . . . . 1 . 1 . 1 . Unauthorized Hacks 11 | . 6 . . . 5 . . . . . . Terminals 11 | . 6 . . . 5 . . . . . . Botnet 2 | . 1 . . . 1 . . . . . . Skim 9 | . 5 . . . 4 . . . . . . Fabricators . | . . . . . . . . . . . . Repair Stations . | . . . . . . . . . . . . Recycling Units . | . . . . . . . . . . . . Scanalyzers . | . . . . . . . . . . . . Garrison Access . | . . . . . . . . . . . . Data Cores Recovered 2 | . 1 . . . 1 . . . . . . Used 1 | . . . . . 1 . . . . . . Hacking Detections 8 | . 3 . . . 1 1 2 1 . . . Full Trace Events . | . . . . . . . . . . . . Feedback Events . | . . . . . . . . . . . . Feedback Blocked . | . . . . . . . . . . . . Robot Schematics Acquired . | . . . . . . . . . . . . Robots Built . | . . . . . . . . . . . . Authchips . | . . . . . . . . . . . . Time . | . . . . . . . . . . . . Total Robot Build Rating . | . . . . . . . . . . . . Part Schematics Acquired . | . . . . . . . . . . . . Parts Built 1 | . . . . . . . . 1 . . . Authchips . | . . . . . . . . . . . . Time 169 | . . . . . . . . 169 . . . Total Part Build Rating 6 | . . . . . . . . 6 . . . Parts Repaired . | . . . . . . . . . . . . Time . | . . . . . . . . . . . . Parts Recycled . | . . . . . . . . . . . . Recycled Matter . | . . . . . . . . . . . . Retrieved Matter . | . . . . . . . . . . . . Retrieved Components . | . . . . . . . . . . . . Parts Scanalyzed . | . . . . . . . . . . . . Part Schematics Acquired . | . . . . . . . . . . . . Parts Damaged . | . . . . . . . . . . . . Bothacking | -11 -10 -10 -10 -9 -8 -7 -7 -7 -7 -6 -6 ------------ Run | Yrd Mat Min Exi Min Mat Fac Gar Fac Gar Fac Gar Used RIF Installer 2 | . . . . . . . 1 . 1 . . Patrol Navigation 1 | . . . . . . . . . 1 . . Robots Hacked . | . . . . . . . . . . . . Non-combat . | . . . . . . . . . . . . Combat . | . . . . . . . . . . . . Robot Hacks Applied . | . . . . . . . . . . . . Relay Couplers Released 12 | . . . . . . . 4 3 5 . . Machine Destruction 9 | . . . . . . . 4 . 5 . . Programmers 3 | . . . . . . . . 3 . . . Attached 1 | . . . . . . . . . . 1 . Fabnet Peak Effective % . | . . . . . . . . . . . . Robots Rewired . | . . . . . . . . . . . . Allies Hacked . | . . . . . . . . . . . . Hacks Repelled . | . . . . . . . . . . . . Allies | -11 -10 -10 -10 -9 -8 -7 -7 -7 -7 -6 -6 -------- Run | Yrd Mat Min Exi Min Mat Fac Gar Fac Gar Fac Gar Total Allies 3 | . . 3 . . . . . . . . . Largest Group 3 | . . 3 3 3 3 2 2 . . . . Highest-Rated Group 40 | . . 40 40 40 40 32 32 . . . . Highest-Rated Ally 16 | . . 16 16 16 16 16 16 . . . . Total Orders . | . . . . . . . . . . . . Ally Attacks 42 | . . . . . 30 9 3 . . . . Total Damage 426 | . . . . . 328 98 . . . . . Kills 8 | . . . . . 7 1 . . . . . Allies Corrupted . | . . . . . . . . . . . . Allies Melted . | . . . . . . . . . . . . Intel | -11 -10 -10 -10 -9 -8 -7 -7 -7 -7 -6 -6 ------- Run | Yrd Mat Min Exi Min Mat Fac Gar Fac Gar Fac Gar Active Infowar (turns) 5921 | 154 1018 419 487 432 1173 264 363 54 681 75 801 Optics 1611 | . . . . . . . . 54 681 75 801 Terrain 1217 | 31 . . . . 559 264 363 . . . . Seismic 3093 | 123 1018 419 487 432 614 . . . . . . Robot Analysis Total 1 | . 1 . . . . . . . . . . Derelict Logs Recovered . | . . . . . . . . . . . . Drone Launches . | . . . . . . . . . . . . Drone Recoveries . | . . . . . . . . . . . . Exploration | -11 -10 -10 -10 -9 -8 -7 -7 -7 -7 -6 -6 ------------- Run | Yrd Mat Min Exi Min Mat Fac Gar Fac Gar Fac Gar Turns Passed 7652 | 232 1018 419 487 432 1189 264 1448 577 710 75 801 Spaces Moved 4250 | 122 327 259 304 267 686 154 821 281 503 74 452 Core 49 | 7 . . . . . . . . . . 42 Treads 3573 | 115 327 259 304 267 686 154 821 281 93 . 266 Legs 105 | . . . . . . . . . . . 105 Wheels 523 | . . . . . . . . . 410 74 39 Hover . | . . . . . . . . . . . . Flight . | . . . . . . . . . . . . Fastest Speed 50 | 50 160 160 160 160 160 160 160 155 100 100 50 Average Speed 150 | 153 160 160 160 160 160 160 160 159 109 100 138 Slowest Speed 450 | 160 160 160 160 160 160 160 160 160 152 100 450 Overloaded Moves . | . . . . . . . . . . . . Propulsion Burnouts . | . . . . . . . . . . . . Robots Hopped . | . . . . . . . . . . . . Potential Cave-ins . | . . . . . . . . . . . . Cave-ins Triggered . | . . . . . . . . . . . . Exploration Rate (%) 39 | 7 56 59 69 65 47 6 80 9 46 3 31 Regions Visited 11 Branch Regions 3 Pre-discovered Areas 1 | . 1 . . . . . . . . . . Known Exits Taken 4 | . . . 1 . . 1 . 1 . 1 . Unknown Exits Taken 5 | 1 1 1 . 1 1 . . . . . . Scrap Searched 2 | . . 1 . 1 . . . . . . . Spaces Dug 7 | . . . . . . . . 1 . . 6 Terrain Destroyed 244 | . . . . . 1 . 122 76 9 . 36 Melee . | . . . . . . . . . . . . Projectile 4 | . . . . . 1 . . 3 . . . AOE 240 | . . . . . . . 122 73 9 . 36 Terrain Rammed . | . . . . . . . . . . . . Walls Destroyed . | . . . . . . . . . . . . Machines Disabled . | . . . . . . . . . . . . Actions | -11 -10 -10 -10 -9 -8 -7 -7 -7 -7 -6 -6 --------- Run | Yrd Mat Min Exi Min Mat Fac Gar Fac Gar Fac Gar Total 5225 | 146 791 264 305 272 754 169 897 382 623 75 547 Wait 609 | . 440 3 1 4 19 . 7 73 43 . 19 Move 4237 | 121 326 258 303 266 685 153 819 280 501 73 452 Hop . | . . . . . . . . . . . . Pick Up 54 | 7 3 2 1 1 12 5 6 3 11 . 3 Fast Attach 27 | 7 . . . . 1 . 1 . 6 . 12 Attach 35 | 1 . . . . 5 2 4 3 8 2 10 Detach 2 | 1 . . . . . . . . . . 1 Swap 28 | . 3 . . . 6 6 8 1 2 . 2 Drop 32 | . 3 1 . 1 9 2 5 3 6 . 2 Fire 138 | 9 16 . . . 12 . 32 15 14 . 40 Melee 14 | . . . . . . . . . 8 . 6 Ram . | . . . . . . . . . . . . Kick . | . . . . . . . . . . . . Crush 21 | . . . . . 5 1 11 4 . . . Escape Stasis 24 | . . . . . . . . . 24 . . Rewire 4 | . . . . . . . 4 . . . . Trap . | . . . . . . . . . . . . Miscellaneous . | . . . . . . . . . . . . Route ------- -11/Scrapyard -10/Materials (discovered 5 exits: *Mat x3 / [*Min] / Sub) -10/Mines (discovered 2 exits: *Exi / *Sub) -10/Exiles (discovered 2 exits: *Min x2) -9/Mines -8/Materials -7/Factory -7/Garrison (discovered 3 exits: *Fac x3) -7/Factory (discovered 2 exits: *Fac / Gar) -7/Garrison (discovered 2 exits: *Fac x2) -6/Factory -6/Garrison History --------- Turn | Location | Event 8 | -11/Scrapyard | Discovered new exit (range 16) 233 | -11/Scrapyard | Entered Materials 310 | -10/Materials | Build established: Mutant 427 | -10/Materials | Discovered new exit (range 16) 471 | -10/Materials | Discovered new exit (range 15) 622 | -10/Materials | Discovered new exit (range 5) 851 | -10/Materials | Identified exit to Subcaves 851 | -10/Materials | Identified exit to Materials 903 | -10/Materials | Learned location of Mines (-10) 1026 | -10/Materials | Learned Storage machine intel 1070 | -10/Materials | Learned location of 2 exits from Subcaves 1251 | -10/Materials | Entered Mines 1300 | -10/Mines | Discovered exit to Subcaves (range 9) 1478 | -10/Mines | Assisted by bots powering up and referring to "LRC-V3" 1538 | -10/Mines | Received a Rocket Launcher from a helpful Derelict 1659 | -10/Mines | Deemed a non-threat by the Exiles lab entrance 1660 | -10/Mines | Discovered new exit (range 5) 1670 | -10/Mines | Entered Exiles 1670 | -10/Exiles | Accompanied by 3 allies 1671 | -10/Exiles | Identified exit to Mines 1710 | -10/Exiles | Met 8R-AWN 1738 | -10/Exiles | Met EX-HEX 1797 | -10/Exiles | Met EX-DEC 1827 | -10/Exiles | Met EX-BIN 1922 | -10/Exiles | Aligned with FarCom system 1923 | -10/Exiles | Given EX-Vault access code 1962 | -10/Exiles | Opened EX-Vault 1978 | -10/Exiles | Found Trap Reconfigurator 2011 | -10/Exiles | Warned to stay clear of 0b10 Research branches 2157 | -10/Exiles | Left Exiles lab with Trap Reconfigurator 2157 | -10/Exiles | Entered Mines 2157 | -9/Mines | Accompanied by 3 allies 2236 | -9/Mines | A weapon hastily lodged in a ceiling crevice suddenly fell to the ground 2580 | -9/Mines | Discovered new exit (range 3) 2589 | -9/Mines | Entered Materials 2589 | -8/Materials | Accompanied by 3 allies 2589 | -8/Materials | Evolved 4 slots: Propulsion x2, Utility x2 2946 | -8/Materials | Build established: Scavenger-Mutant 3525 | -8/Materials | Build established: Scavenger-Skirmisher 3761 | -8/Materials | Discovered new exit (range 10) 3778 | -8/Materials | Entered Factory 3778 | -7/Factory | Accompanied by 2 allies 3778 | -7/Factory | Evolved 2 slots: Utility x2 4040 | -7/Factory | Identified exit to Garrison 4042 | -7/Factory | Entered Garrison 4042 | -7/Garrison | Accompanied by 2 allies 4085 | -7/Garrison | Build established: Hacker-Skirmisher 4132 | -7/Garrison | Triggered checkpoint 4402 | -7/Garrison | Triggered checkpoint 4553 | -7/Garrison | Discovered new exit (range 11) 4709 | -7/Garrison | Discovered new exit (range 12) 4928 | -7/Garrison | Triggered checkpoint 4947 | -7/Garrison | Build established: Scavenger-Mutant 4960 | -7/Garrison | Learned Factory security intel 5134 | -7/Garrison | Discovered new exit (range 10) 5176 | -7/Garrison | Triggered checkpoint 5349 | -7/Garrison | Phase Generator disabled 5450 | -7/Garrison | Installed Relay Interface Framework 5490 | -7/Garrison | Entered Factory 5760 | -7/Factory | Fabricated Cld. Gravmag System (x1) 5856 | -7/Factory | Discovered new exit (range 6) 5957 | -7/Factory | Garrison activated, responded to threat 6005 | -7/Factory | System corruption reached 10% 6056 | -7/Factory | Lost 4 parts (2n2u) 6066 | -7/Factory | Identified exit to Garrison 6067 | -7/Factory | Entered Garrison 6264 | -7/Garrison | Lost 4 parts (3n1u) 6309 | -7/Garrison | Build established: Mutant 6337 | -7/Garrison | Triggered checkpoint 6369 | -7/Garrison | Triggered checkpoint 6392 | -7/Garrison | Garrison Relay disabled 6507 | -7/Garrison | Discovered new exit (range 11) 6523 | -7/Garrison | Triggered checkpoint 6569 | -7/Garrison | Core integrity fell below 50% 6724 | -7/Garrison | Expanded RIF knowledge: Patrol Navigation 6748 | -7/Garrison | Discovered new exit (range 15) 6777 | -7/Garrison | Entered Factory 6777 | -6/Factory | Evolved 2 slots: Utility x1, Weapon x1 6851 | -6/Factory | Identified exit to Garrison 6852 | -6/Factory | Entered Garrison 6890 | -6/Garrison | Triggered checkpoint 6931 | -6/Garrison | Lost 3 parts (2n1w) 6998 | -6/Garrison | Triggered checkpoint 7072 | -6/Garrison | Lost 3 parts (1p1n1u) 7193 | -6/Garrison | Lost 4 parts (2n1u1w) 7193 | -6/Garrison | Spotted B-75 Beast 7193 | -6/Garrison | Spotted B-75 Beast 7359 | -6/Garrison | Spotted B-75 Beast 7437 | -6/Garrison | Core integrity fell below 50% 7471 | -6/Garrison | Core integrity fell below 20% 7501 | -6/Garrison | Lost 11 parts (2p3n2u4w) 7519 | -6/Garrison | Destroyed B-75 Beast 7634 | -6/Garrison | Triggered checkpoint 7636 | -6/Garrison | Triggered checkpoint 7653 | -6/Garrison | Released all parts (6) 7653 | -6/Garrison | Destroyed by S-27 Virus with Autogun Last Messages --------------- 07531_ Acquired 10 matter. 07532_ The unstable cave ceiling collapses. 07549_ Acquired Carbon-fiber Leg. 07561_ Acquired 4 matter. 07566_ Acquired 6 matter. 07570_ Acquired Lrg. Storage Unit. 07571_ Acquired 3 matter. 07572_ Acquired 7 matter. 07634_ Beams of light sweep through the air. An alarm sounds. 07639_ Lrg. Storage Unit destroyed. Garrison Door activated. 07646_ Flexi-carbon Leg destroyed. 07648_ Hvy. Assault Rifle destroyed. 07651_ Carbon-fiber Leg destroyed. 07653_ Released Hvy. Plasma Cannon. 07653_ Released Flexi-carbon Leg. 07653_ Released Adv. Visual Processing Unit. 07653_ Released Flexi-carbon Leg. 07653_ Released Angular Momentum Engine. 07653_ Released Imp. Cooling System. Map ----- +----------------------------------------------------+ | ?????????????????????????????????????????????????? | | ?????????????????????????????????????????????????? | | ?????????????????????????????????????????????????? | | ?????????????????????????????????????????????????? | | ?????????????????????????????????????????????????? | | ?????????????????????????????????????????????????? | | ?????????????????????????????????????????????????? | | ?????????????????????????????????????????????????? | | ?????????????????????????????????????????????????? | | ?????????????????????????????????????????????????? | | ?????????????????????????????????????????????????? | | ?????????????????????????????????????????????????? | | ?????????????????????????????????????????????????? | | ?????????????????????????????????????????????????? | | ?????????????????????????????????????????????????? | | ?????????????????????????????????????????????????? | | ?????????????????????????????????????????????????? | | ????????????Y????????????????????????????????????? | | ?????????????????????????????????????????????????? | | ?????????????????????????????????????????????????? | | ????????????????????????????????####?? #?????????? | | ??????????????#???????????????? s#? #?????????? | | ??????????????# ############# s ## ##????????? | | ??????????????# s s ##???????? | | ??????????????# ????????? | | ??????????????# @ ????????? | | ?????????????????#########* ## #? #????????? | | ?????????????????????????#]= ## ## #????????? | | ???????????????????????? Y=! g "????????? | | ???????????????????????# g ????????? | | ???????????????????????# g #??????? | | ????# ????????????????# #??????? | | ????# ?????????????### ## ## ###??????? | | ????# ############## ## ## #????????? | | ????# # #????????? | | ????# # #????????? | | ????#[[[ !!!##### ####### #????????? | | ????????????????# #?????# ##""""## #????????? | | ????????????????# #?????# #?hh????? #????????? | | ????????????????# ####### #????????? #????????? | | ????????????????# # #??????????#????????? | | ????????????????# ####### ##??????????????????? | | ????????????????# # ## #??????????????????? | | ???????????????## # # ##??????????????????? | | ################ %### # #??????????????????? | | % % ##?????????????????? | | ##??????????????????? | | % ! ##??????????????????? | | ##########% ## % ## #??????????????????? | | ?# #???### ## # %### ### #?##??????????????????? | +----------------------------------------------------+ Best States ------------- Heat Dissipation 65 Energy Generation 25 Energy Capacity 300 Matter Stores 300 Matter Capacity 300 Sight Range 20 Terrain Scan Range 16 Terrain Scan Density 110 Evasion (%) 55 Recoil Reduction 4 Offensive Hacking 20 Relay Coupler Types 1 Relay Coupler Value 22 Item Schematics ----------------- None Robot Schematics ------------------ None Fabricated ------------ Cld. Gravmag System | x1 | -7/Factory | Preloaded Repaired ---------- Nothing Alien Tech Used ----------------- None Achievements -------------- None Challenges ------------ None Game ------ Seed SuperquantumArcsightBattery Manual? 0 Play Time 00:35:58 Cumulative 137.0 hours Start 2025.07.09 @ 01:10:44 End 2025.07.09 @ 01:47:02 Sessions 1 Manual Loads 0 Difficulty Rogue Special Mode None Game No. 360 Rogue 360 Adventurer 0 Explorer 0 Win Type - Total 4 Types 3/0/1/0/0/0/0/0/0/0 Lore% 66 Gallery% 55 Achievement% 46 Wizard Run 0 Options --------- Layout 0 ASCII 0 Keyboard 0 Movement Numpad Keybinds 0 Fullscreen 2 Font 18/Terminus Map View 76x50 Zoom Use 0% Tactical HUD 1 Map Filters NONE Filters NONE Steam 1 RUN: 2cf84ab5-ee6a-4dc3-8bf0-45ed379eea2a